 Dungeon Crawl Stone Soup version 0.31-a0-152-g6aa68a64a1 (webtiles) character file.

Game seed: 17328772527134468790

62 qw the Shooter (level 4, -4/39 HPs)
             Began as a Naga Hunter on June 10, 2023.
             Slain by an iguana (13 damage)
             ... on level 3 of the Dungeon.
             The game lasted 00:00:30 (1434 turns).

qw the Shooter (Naga Hunter)                        Turns: 1434, Time: 00:00:31

Health: -4/39      AC:  2    Str: 13    XL:     4   Next: 8%
Magic:  4/4        EV: 10    Int:  9    God:
Gold:   112        SH:  0    Dex: 23    Spells: 3/3 levels left

rFire   . . .        Y - +1 shortbow
rCold   + . .        (shield currently unavailable)
rNeg    . . .        a - +0 robe of the Apothecary {rC+ Stlth+}
rPois   +            (no helmet)
rElec   .            (no cloak)
rCorr   .            (no gloves)
SInv    +            (no barding)
Will    .....        (no amulet)
Stlth   +++          b - +6 ring of dexterity
HPRegen 0.26/turn    (no ring)
MPRegen 0.09/turn

%: no passive effects
@: short of breath, very slow
A: AC +1, large, see invisible, deformed body, poison resistance, slowness 2,
spit poison 1, naga tail 1
a: Spit Poison


You were on level 3 of the Dungeon.
You visited 1 branch of the dungeon, and saw 3 of its levels.

You collected 112 gold pieces.


Innate Abilities, Weirdness & Mutations

Your serpentine skin is tough. (AC +1)
You have supernaturally acute eyesight. (SInv)
Armour fits poorly on your strangely shaped body.
Your system is resistant to poisons. (rPois)
You cover ground very slowly.
You can spit poison.
You have a snake-like lower body.


   Skills:
 + Level 2.1 Fighting
 - Level 5.0 Ranged Weapons
 - Level 1.5 Dodging
 - Level 1.5 Stealth


You had 3 spell levels left.
You didn't know any spells.
Your spell library was empty.

Inventory:

Hand Weapons
 Y - a +1 shortbow (weapon)
Armour
 a - the +0 robe of the Apothecary (worn) {rC+ Stlth+}
   (You found it on level 2 of the Dungeon)

   rC:        It protects you from cold.
   Stlth:     It makes you more stealthy.
 c - a +0 leather armour
Jewellery
 b - a +6 ring of dexterity (left hand)
Scrolls
 g - a scroll of identify
Potions
 f - a potion of attraction {unknown}

Dungeon Overview and Level Annotations

Branches:
Dungeon (3/15)

Altars:


Message History

The orc priest misses you.
1429 ||| INVOKING Spit Poison.
Aiming: Spit Poison (1% risk of failure)
Press: ? - help, Shift-Dir - straight line, f/p - orc priest The splash of poison misses the orc priest.
The splash of poison hits the iguana.
The iguana is heavily wounded.
An orc priest comes into view. It is wielding a +0 flail of venom.
The orc priest barely misses you.
You shoot an arrow. The orc priest shouts!
The arrow hits the orc priest.
The orc priest is heavily wounded.
The orc priest hits you with a +0 club.
You shoot an arrow. The arrow barely misses the orc.
The arrow closely misses the orc.
The arrow barely misses the jackal.
The arrow barely misses the quokka.
You have got your breath back.
The orc priest closely misses you. The orc closely misses you.
The iguana bites you!
1432 ||| INVOKING Spit Poison.
Aiming: Spit Poison (1% risk of failure)
Press: ? - help, Shift-Dir - straight line, f/p - orc The splash of poison hits the orc.
The orc is poisoned.
You kill the orc!
An orc comes into view. It is wielding a +0 short sword.
The iguana closely misses you. The orc priest hits you with a +0 club.
You shoot an arrow.
The arrow hits the orc priest but does no damage.
The orc priest is heavily wounded.
The orc hits you with a +0 hand axe.
The orc priest calls down the wrath of Beogh upon you.
Beogh smites you! The iguana bites you.
The quokka twitches its whiskers.
You shoot an arrow. The arrow hits the orc priest.
The orc priest is severely wounded.
The jackal bites you but does no damage.
The orc barely misses you. The orc priest hits you with a +0 club.
The iguana bites you!
You die...

... .r. #.#o#
#.#o# # #.#.#
##.##.#o#####
#.....ooh...#
#.....l@###.#.#
#$###..^......#
#.#.###...#
#.#.# .##
#.#.###....#
#..#.)...... #
#####.###..#.#
#.#.....# #
#####.#.#####
.#.#


You could see an iguana, 2 orc priests, an orc wizard, 2 orcs, a quokka and a
jackal.

Vanquished Creatures
  3 worms (D:2)
  3 dart slugs
  2 orcs (D:3)
  3 ball pythons
  5 endoplasms
  2 giant cockroaches
  2 goblins (D:3)
  6 hobgoblins
  A jackal (D:3)
  2 quokkas (D:1)
  5 bats
  4 kobolds
  2 rats
40 creatures vanquished.

Notes
Turn   | Place    | Note
-------+----------+-------------------------------------------
     0 | D:1      | qw the Naga Hunter began the quest for the Orb.
     0 | D:1      | Reached XP level 1. HP: 19/19 MP: 1/1
     0 | D:1      | 0 ||| qw: Version: 0.2-a-122-gbc61b45
     0 | D:1      | 0 ||| qw: Game counter: 3586
     0 | D:1      | 0 ||| qw: Always use a shield: true
     0 | D:1      | 0 ||| qw: God list: Okawaru
     0 | D:1      | 0 ||| qw: Allow faded altars: false
     0 | D:1      | 0 ||| qw: Do Orc after D:15 true
     0 | D:1      | 0 ||| qw: Do second Lair branch before Depths: true
     0 | D:1      | 0 ||| qw: Lair rune preference: random
     0 | D:1      | 0 ||| qw: Plans: Normal
     0 | D:1      | 0 ||| PLANNING D:1-11
    22 | D:1      | 22 ||| INVOKING Spit Poison.
    29 | D:1      | 29 ||| INVOKING Spit Poison.
    78 | D:1      | 78 ||| INVOKING Spit Poison.
    81 | D:1      | 81 ||| INVOKING Spit Poison.
   153 | D:1      | Reached skill level 4 in Ranged Weapons
   153 | D:1      | Reached XP level 2. HP: 26/26 MP: 2/2
   177 | D:1      | 177 ||| INVOKING Spit Poison.
   199 | D:1      | 199 ||| INVOKING Spit Poison.
   221 | D:1      | 221 ||| INVOKING Spit Poison.
   224 | D:1      | 224 ||| INVOKING Spit Poison.
   329 | D:1      | 329 ||| INVOKING Spit Poison.
   423 | D:1      | 423 ||| INVOKING Spit Poison.
   687 | D:1      | 687 ||| READING scroll labelled XOTSUILIUR.
   691 | D:1      | 691 ||| READING 2 scrolls labelled OFIYRO MOAZU.
   692 | D:1      | 692 ||| DROPPING scroll of butterflies.
   701 | D:2      | 701 ||| INVOKING Spit Poison.
   711 | D:2      | Identified the +0 robe of the Apothecary {rC+ Stlth+}
   749 | D:2      | Reached XP level 3. HP: 32/32 MP: 3/3
   763 | D:2      | 763 ||| INVOKING Spit Poison.
   889 | D:2      | 889 ||| INVOKING Spit Poison.
   911 | D:2      | 911 ||| INVOKING Spit Poison.
  1007 | D:2      | 1007 ||| INVOKING Spit Poison.
  1038 | D:2      | 1038 ||| INVOKING Spit Poison.
  1039 | D:2      | 1039 ||| INVOKING Spit Poison.
  1052 | D:2      | 1052 ||| INVOKING Spit Poison.
  1057 | D:2      | 1057 ||| INVOKING Spit Poison.
  1113 | D:2      | 1113 ||| INVOKING Spit Poison.
  1150 | D:2      | 1150 ||| INVOKING Spit Poison.
  1273 | D:2      | 1273 ||| UPGRADING to +0 robe of the Apothecary {rC+
                  | Stlth+}.
  1283 | D:2      | 1283 ||| UPGRADING to +6 ring of dexterity.
  1284 | D:2      | 1284 ||| READING scroll labelled UMUTUN BOLIPP.
  1285 | D:2      | 1285 ||| READING 2 scrolls of identify.
  1285 | D:2      | 1285 ||| IDENTIFYING emerald potion
  1286 | D:2      | 1286 ||| DROPPING potion of ambrosia.
  1362 | D:3      | 1362 ||| INVOKING Spit Poison.
  1382 | D:3      | 1382 ||| INVOKING Spit Poison.
  1386 | D:3      | Reached skill level 5 in Ranged Weapons
  1418 | D:3      | 1418 ||| INVOKING Spit Poison.
  1420 | D:3      | Reached XP level 4. HP: 39/39 MP: 4/4
  1425 | D:3      | 1425 ||| INVOKING Spit Poison.
  1429 | D:3      | 1429 ||| INVOKING Spit Poison.
  1432 | D:3      | 1432 ||| INVOKING Spit Poison.
  1433 | D:3      | HP: 9/39 [iguana (5)]
  1434 | D:3      | Slain by an iguana

Levels and vault maps discovered:
D:1:      ldierk_walled_garden, layout_loops_ring,
          chequers_serial_rivers_micro_a
D:2:      layout_loops_ring, chequers_serial_rivers_marsh,
          kennysheep_cross_bottleneck
D:3:      layout_loops_ring, serial_shops, shop

Skill      XL: |  1  2  3 |
---------------+----------+-----
Ranged Weapons | 4 5 |  5.0
Fighting       | |  2.1
Dodging        | |  1.5
Stealth        | |  1.5

Action                     |  1- 3 |  4- 6 || total
---------------------------+-------+-------++-------
   Fire: Shortbow          |    65 |     9 ||    74
Ability: Spit Poison       |    23 |     3 ||    26
    Use: Scroll            |     4 |       ||     4
 Armour: Robe              |       |     1 ||     1
  Dodge: Dodged            |     5 |     6 ||    11

Table legend:
 A = Non-vault XP
 B = Vault XP
 C = Vault XP percentage of total XP
 D = Non-vault monster count
 E = Vault monster count
 F = Vault count percentage of total count
                 A         B        C        D         E       F
            +---------+---------+-------+---------+---------+-------
      Total |      89 |       0 |   0.0 |      40 |       0 |   0.0
            +---------+---------+-------+---------+---------+-------
        D:1 |      30 |       0 |   0.0 |      15 |       0 |   0.0
        D:2 |      41 |       0 |   0.0 |      18 |       0 |   0.0
        D:3 |      18 |       0 |   0.0 |       7 |       0 |   0.0
            +---------+---------+-------+---------+---------+-------
